TOP OF THE 1ST |
Provo Mango batting - Pitching for Mancelona Torch : RHP Ron Manning
|
Pitching: RHP Ron Manning
|
|
Batting: SHB Yun-qi Chien
|
0-0: Ball 1-0: Ball 2-0: Ball 3-0: Base on Balls
|
Batting: RHB Michael Sweeney
|
0-0: Ball 1-0: Ball 2-0: Foul Ball, location: 2F 2-1: Called Strike 2-2: Foul Ball, location: 2F 2-2: Strikes out swinging
|
Batting: RHB Francisco Guerra
|
0-0: Ball 1-0: Ball Yun-qi Chien steals 2nd base 2-0: Ball 3-0: Called Strike 3-1: Foul Ball, location: 2F 3-2: SINGLE (Groundball, 6S) (infield hit) Yun-qi Chien to third
|
Batting: LHB Jin-song Seah
|
0-0: Ball 1-0: Called Strike 1-1: Fielders Choice at 2nd, 4-6 (Groundball, 4) Yun-qi Chien scores
|
Batting: RHB António Marquis
|
0-0: Called Strike 0-1: Ball 1-1: Ball 2-1: Ball 3-1: SINGLE (Line Drive, 8LS) Jin-song Seah to second
|
Batting: RHB Guillermo Carrizales
|
0-0: Ball 1-0: Foul Ball, location: 2F 1-1: Fly out, F7 (Flyball, 7)
|
Top of the 1st over - 1 run(s), 2 hit(s), 0 error(s), 2 left on base; Provo 1 - Mancelona 0 |
BOTTOM OF THE 1ST |
Mancelona Torch batting - Pitching for Provo Mango : RHP Kagetoki Matsubara
|
Pitching: RHP Kagetoki Matsubara
|
|
Batting: RHB José Córdova
|
0-0: Ground out 6-3 (Groundball, 6S)
|
Batting: RHB Kyle Vandenbrink
|
0-0: Ball 1-0: Ball 2-0: Foul Ball, location: 2F 2-1: Foul Ball, location: 2F 2-2: Ball 3-2: Base on Balls
|
Batting: RHB Blake Snow
|
0-0: Called Strike 0-1: Ball 1-1: Foul Ball, location: 2F 1-2: Ball 2-2: Strikes out swinging
|
Batting: RHB Ratko Ralevic
|
0-0: Ball Kyle Vandenbrink is caught stealing 2nd base
|
Bottom of the 1st over - 0 run(s), 0 hit(s), 0 error(s), 0 left on base; Provo 1 - Mancelona 0 |
TOP OF THE 2ND |
Provo Mango batting - Pitching for Mancelona Torch : RHP Ron Manning
|
Batting: SHB Hong Wei Cao
|
0-0: Ground out 5-3 (Groundball, 56S)
|
Batting: SHB Tommy Dreamer
|
0-0: Called Strike 0-1: Ball 1-1: Ground out 4-3 (Groundball, 4)
|
Batting: LHB Tom Haymon
|
0-0: Called Strike 0-1: Ball 1-1: Swinging Strike 1-2: SINGLE (Groundball, 34D)
|
Batting: SHB Yun-qi Chien
|
0-0: Ball 1-0: Called Strike 1-1: Ball 2-1: Foul Ball, location: 2F 2-2: Foul Ball, location: 2F 2-2: Ball 3-2: SINGLE (Groundball, 34D) Tom Haymon to second Tom Haymon to third
|
Batting: RHB Michael Sweeney
|
0-0: Ball 1-0: Called Strike 1-1: Ball 2-1: Swinging Strike Pickoff Throw to First - Error! E1 Tom Haymon scores Yun-qi Chien to second 2-2: Foul Ball, location: 2F 2-2: Ground out 6-3 (Groundball, 56D)
|
Top of the 2nd over - 1 run(s), 2 hit(s), 1 error(s), 1 left on base; Provo 2 - Mancelona 0 |
BOTTOM OF THE 2ND |
Mancelona Torch batting - Pitching for Provo Mango : RHP Kagetoki Matsubara
|
Batting: RHB Ratko Ralevic
|
0-0: Ball 1-0: Fly out, F8 (Flyball, 8RM)
|
Batting: LHB Badry Maksimenov
|
0-0: Ball 1-0: Called Strike 1-1: Called Strike 1-2: Ball 2-2: Strikes out swinging
|
Batting: RHB Armando Pacheco
|
0-0: Ball 1-0: Fly out, F9 (Flyball, 9S)
|
Bottom of the 2nd over - 0 run(s), 0 hit(s), 0 error(s), 0 left on base; Provo 2 - Mancelona 0 |
TOP OF THE 3RD |
Provo Mango batting - Pitching for Mancelona Torch : RHP Ron Manning
|
Batting: RHB Francisco Guerra
|
0-0: Called Strike 0-1: Fly out, F7 (Flyball, 7)
|
Batting: LHB Jin-song Seah
|
0-0: Ground out 4-3 (Groundball, 4D)
|
Batting: RHB António Marquis
|
0-0: Ball 1-0: Ground out 5-3 (Groundball, 56S)
|
Top of the 3rd over - 0 run(s), 0 hit(s), 0 error(s), 0 left on base; Provo 2 - Mancelona 0 |
BOTTOM OF THE 3RD |
Mancelona Torch batting - Pitching for Provo Mango : RHP Kagetoki Matsubara
|
Batting: LHB Jim Unknown
|
0-0: Ground out U3 (Groundball, 34)
|
Batting: LHB Jim Halpert
|
0-0: Ball 1-0: Swinging Strike 1-1: Fly out, F8 (Flyball, 8LD)
|
Batting: RHB Burt Babbs
|
0-0: Ground out 6-3 (Groundball, 6)
|
Bottom of the 3rd over - 0 run(s), 0 hit(s), 0 error(s), 0 left on base; Provo 2 - Mancelona 0 |
TOP OF THE 4TH |
Provo Mango batting - Pitching for Mancelona Torch : RHP Ron Manning
|
Batting: RHB Guillermo Carrizales
|
0-0: SINGLE (Flyball, 8LS)
|
Batting: SHB Hong Wei Cao
|
0-0: Ball 1-0: Foul Ball, location: 2F 1-1: Ball 2-1: Swinging Strike 2-2: Ball 3-2: Fly out, F7 (Flyball, 7S)
|
Batting: SHB Tommy Dreamer
|
0-0: Swinging Strike 0-1: Swinging Strike 0-2: Fly out, F7 (Flyball, 7LSF)
|
Batting: LHB Tom Haymon
|
0-0: Ball 1-0: Swinging Strike 1-1: Swinging Strike 1-2: Foul Ball, location: 2F 1-2: Strikes out swinging
|
Top of the 4th over - 0 run(s), 1 hit(s), 0 error(s), 1 left on base; Provo 2 - Mancelona 0 |
BOTTOM OF THE 4TH |
Mancelona Torch batting - Pitching for Provo Mango : RHP Kagetoki Matsubara
|
Batting: RHB José Córdova
|
0-0: Fly out, F4 (Line Drive, 4)
|
Batting: RHB Kyle Vandenbrink
|
0-0: Ball 1-0: Foul Ball, location: 2F 1-1: Ball 2-1: Fly out, F9 (Flyball, 9S)
|
Batting: RHB Blake Snow
|
0-0: Ball 1-0: Ball 2-0: Ball 3-0: Base on Balls
|
Batting: RHB Ratko Ralevic
|
0-0: Ball 1-0: Ball 2-0: Called Strike 2-1: Swinging Strike 2-2: SINGLE (Groundball, 6D) Blake Snow to second
|
Batting: LHB Badry Maksimenov
|
0-0: Foul Ball, location: 2F 0-1: Ground out 1-3 (Groundball, 13S)
|
Bottom of the 4th over - 0 run(s), 1 hit(s), 0 error(s), 2 left on base; Provo 2 - Mancelona 0 |
TOP OF THE 5TH |
Provo Mango batting - Pitching for Mancelona Torch : RHP Ron Manning
|
Batting: SHB Yun-qi Chien
|
0-0: Called Strike 0-1: Ball 1-1: Ball 2-1: Foul Ball, location: 2F 2-2: Strikes out swinging
|
Batting: RHB Michael Sweeney
|
0-0: Called Strike 0-1: DOUBLE (Line Drive, 78D)
|
Batting: RHB Francisco Guerra
|
0-0: Ball 1-0: Fly out, F6 (Line Drive, 56D)
|
Batting: LHB Jin-song Seah
|
0-0: Called Strike 0-1: Called Strike 0-2: Ground out 4-3 (Groundball, 4S)
|
Top of the 5th over - 0 run(s), 1 hit(s), 0 error(s), 1 left on base; Provo 2 - Mancelona 0 |
BOTTOM OF THE 5TH |
Mancelona Torch batting - Pitching for Provo Mango : RHP Kagetoki Matsubara
|
Batting: RHB Armando Pacheco
|
0-0: Swinging Strike 0-1: Ball 1-1: Swinging Strike 1-2: Foul Ball, location: 2F 1-2: Strikes out swinging
|
Batting: LHB Jim Unknown
|
0-0: Foul Ball, location: 2F 0-1: Fly out, F7 (Flyball, 7S)
|
Batting: LHB Jim Halpert
|
0-0: Ball 1-0: Ball 2-0: Ball 3-0: Called Strike 3-1: Foul Ball, location: 2F 3-2: Foul Ball, location: 2F 3-2: Base on Balls
|
Batting: RHB Burt Babbs
|
0-0: Ball 1-0: Foul Ball, location: 2F 1-1: Ball 2-1: Ball 3-1: Swinging Strike 3-2: Strikes out swinging
|
Bottom of the 5th over - 0 run(s), 0 hit(s), 0 error(s), 1 left on base; Provo 2 - Mancelona 0 |
TOP OF THE 6TH |
Provo Mango batting - Pitching for Mancelona Torch : RHP Ron Manning
|
Batting: RHB António Marquis
|
0-0: Called Strike 0-1: Ball 1-1: Ball 2-1: Foul Ball, location: 2F 2-2: Strikes out swinging
|
Batting: RHB Guillermo Carrizales
|
0-0: Ball 1-0: Ball 2-0: Fly out, F9 (Flyball, 9)
|
Batting: SHB Hong Wei Cao
|
0-0: Ball 1-0: Fly out, F7 (Flyball, 7)
|
Top of the 6th over - 0 run(s), 0 hit(s), 0 error(s), 0 left on base; Provo 2 - Mancelona 0 |
BOTTOM OF THE 6TH |
Mancelona Torch batting - Pitching for Provo Mango : RHP Kagetoki Matsubara
|
Batting: RHB José Córdova
|
0-0: SINGLE (Line Drive, 56D)
|
Batting: RHB Kyle Vandenbrink
|
0-0: Ball 1-0: Ball 2-0: Fly out, F8 (Flyball, 8RM)
|
Batting: RHB Blake Snow
|
0-0: Ball 1-0: Swinging Strike 1-1: Ball 2-1: Ball 3-1: SINGLE (Flyball, 7S) José Córdova to second
|
Batting: RHB Ratko Ralevic
|
0-0: Ball 1-0: Reached via error on a dropped throw, E3 José Córdova to third Blake Snow to second
|
Batting: LHB Badry Maksimenov
|
0-0: Called Strike 0-1: Called Strike 0-2: Foul Ball, location: 2F 0-2: Ball 1-2: Fielders Choice at 2nd, 3-6 (Groundball, 34) José Córdova scores Blake Snow to third
|
Batting: RHB Armando Pacheco
|
0-0: Ball 1-0: SINGLE (Groundball, 4MD) Blake Snow scores Badry Maksimenov to second
|
Batting: LHB Jim Unknown
|
0-0: Ball 1-0: Called Strike 1-1: Ball 2-1: Ball 3-1: Foul Ball, location: 2F 3-2: Base on Balls Badry Maksimenov to third Armando Pacheco to second
|
Batting: LHB Jim Halpert
|
0-0: Ball 1-0: Called Strike 1-1: Swinging Strike 1-2: Ground out 5-3 (Groundball, 56S)
|
Bottom of the 6th over - 2 run(s), 3 hit(s), 1 error(s), 3 left on base; Provo 2 - Mancelona 2 |
TOP OF THE 7TH |
Provo Mango batting - Pitching for Mancelona Torch : RHP Ron Manning
|
Pitching: LHP Tyler Lund
|
|
Pinch Hitting: LHB Andrés Garza
|
0-0: Ball 1-0: Called Strike 1-1: Swinging Strike 1-2: Ball 2-2: Ball 3-2: Strikes out looking
|
Pinch Hitting: RHB Jim Unknown
|
0-0: Ball 1-0: Ball 2-0: Called Strike 2-1: Ball 3-1: SINGLE (Line Drive, 78S)
|
Batting: SHB Yun-qi Chien
|
0-0: Called Strike 0-1: Foul Ball, location: 2F 0-2: Strikes out looking
|
Batting: RHB Michael Sweeney
|
0-0: Called Strike 0-1: Called Strike 0-2: Strikes out swinging
|
Top of the 7th over - 0 run(s), 1 hit(s), 0 error(s), 1 left on base; Provo 2 - Mancelona 2 |
BOTTOM OF THE 7TH |
Mancelona Torch batting - Pitching for Provo Mango : RHP Kagetoki Matsubara
|
Now at 3B: Jim Unknown
|
|
Now in RF: Andrés Garza
|
|
Batting: RHB Burt Babbs
|
0-0: Ball 1-0: Fly out, F2 (Popup, 23)
|
Batting: RHB José Córdova
|
0-0: Swinging Strike 0-1: Ball 1-1: Foul Ball, location: 2F 1-2: Ball 2-2: Strikes out swinging
|
Batting: RHB Kyle Vandenbrink
|
0-0: Ball 1-0: Foul Ball, location: 2F 1-1: Fly out, F3 (Popup, 3S)
|
Bottom of the 7th over - 0 run(s), 0 hit(s), 0 error(s), 0 left on base; Provo 2 - Mancelona 2 |
TOP OF THE 8TH |
Provo Mango batting - Pitching for Mancelona Torch : LHP Tyler Lund
|
Batting: RHB Francisco Guerra
|
0-0: Ball 1-0: DOUBLE (Groundball, 5L)
|
Pinch Hitting: RHB Mauro Longoria
|
0-0: Called Strike 0-1: Ball 1-1: Ball 2-1: Foul Ball, location: 2F 2-2: Ball 3-2: Strikes out looking
|
Batting: RHB António Marquis
|
0-0: Intentional Walk
|
Batting: RHB Guillermo Carrizales
|
0-0: Ball 1-0: Foul Ball, location: 2F 1-1: Ball 2-1: Ball 3-1: Called Strike 3-2: Foul Ball, location: 2F 3-2: Foul Ball, location: 2F 3-2: Strikes out swinging
|
Batting: SHB Hong Wei Cao
|
0-0: Ball 1-0: SINGLE (Groundball, 4MD) Francisco Guerra to third António Marquis to second Runner from 3rd tries for Home, SAFE, no throw
|
Batting: LHB Andrés Garza
|
0-0: Called Strike 0-1: Ball 1-1: Fielders Choice at 2nd, 4-6 (Groundball, 34D)
|
Top of the 8th over - 1 run(s), 2 hit(s), 0 error(s), 1 left on base; Provo 3 - Mancelona 2 |
BOTTOM OF THE 8TH |
Mancelona Torch batting - Pitching for Provo Mango : RHP Kagetoki Matsubara
|
Now in RF: Jim Unknown
|
|
Batting: RHB Blake Snow
|
0-0: Ball 1-0: Ground out 5-3 (Groundball, 56S)
|
Batting: RHB Ratko Ralevic
|
0-0: Called Strike 0-1: SINGLE (Groundball, 34D)
|
Pitching: RHP Edmund Blackadder
|
|
Pinch Hitting: LHB Yataro Matsuura
|
0-0: Ball 1-0: Called Strike 1-1: Ball 2-1: Called Strike 2-2: Foul Ball, location: 2F 2-2: Ball 3-2: Base on Balls Ratko Ralevic to second
|
Pitching: RHP Pablo Gómez
|
|
Pinch Hitting: LHB Jorge Morín
|
0-0: Called Strike 0-1: Swinging Strike 0-2: Ball 1-2: Foul Ball, location: 2F 1-2: Reached via error on a dropped throw, E4 Ratko Ralevic to third Yataro Matsuura to second
|
Pitching: LHP Nick Riviera
|
|
Pinch Hitting: RHB Félix Martínez
|
0-0: SINGLE (Line Drive, 56D) Ratko Ralevic scores Yataro Matsuura to third Jorge Morín to second
|
Pinch Hitting: RHB Bob Mager
|
0-0: Fly out, F6 (Line Drive, 6)
|
Batting: RHB Burt Babbs
|
0-0: Fly out, F5 (Popup, 56)
|
Bottom of the 8th over - 1 run(s), 2 hit(s), 1 error(s), 3 left on base; Provo 3 - Mancelona 3 |
TOP OF THE 9TH |
Provo Mango batting - Pitching for Mancelona Torch : LHP Tyler Lund
|
Pitching: RHP Juan Reyes
|
|
Now at 1B: Yataro Matsuura
|
|
Now at 2B: Tony Lugo
|
|
Now at 3B: Bob Mager
|
|
Now in RF: Yoritoki Nishimura
|
|
Batting: RHB Jim Unknown
|
0-0: Ball 1-0: Ball 2-0: Fly out, F8 (Flyball, 8RM)
|
Batting: SHB Yun-qi Chien
|
0-0: Foul Ball, location: 2F 0-1: Ball 1-1: Ball 2-1: Called Strike 2-2: Ball 3-2: Strikes out swinging, 2-3 out at first.
|
Batting: RHB Michael Sweeney
|
0-0: Called Strike 0-1: Foul Ball, location: 2F 0-2: Ball 1-2: Ball 2-2: Strikes out swinging
|
Top of the 9th over - 0 run(s), 0 hit(s), 0 error(s), 0 left on base; Provo 3 - Mancelona 3 |
BOTTOM OF THE 9TH |
Mancelona Torch batting - Pitching for Provo Mango : LHP Nick Riviera
|
Pitching: RHP Juan Sánchez
|
|
Batting: RHB José Córdova
|
0-0: Called Strike 0-1: Foul Ball, location: 2F 0-2: Strikes out swinging
|
Batting: RHB Kyle Vandenbrink
|
0-0: Foul Ball, location: 2F 0-1: Foul Ball, location: 2F 0-2: Ball 1-2: Strikes out swinging
|
Batting: RHB Blake Snow
|
0-0: Ball 1-0: Ground out 6-3 (Groundball, 6)
|
Bottom of the 9th over - 0 run(s), 0 hit(s), 0 error(s), 0 left on base; Provo 3 - Mancelona 3 |
TOP OF THE 10TH |
Provo Mango batting - Pitching for Mancelona Torch : RHP Juan Reyes
|
Batting: RHB Francisco Guerra
|
0-0: Called Strike 0-1: SINGLE (Groundball, 56S) (infield hit)
|
Batting: LHB Jim Unknown
|
0-0: Called Strike 0-1: Ball 1-1: Foul Ball, location: 2F 1-2: Ball 2-2: Strikes out swinging
|
Batting: RHB António Marquis
|
0-0: Swinging Strike 0-1: Ball 1-1: Ball 2-1: Called Strike 2-2: Foul Ball, location: 2F 2-2: Ball 3-2: Foul Ball, location: 2F 3-2: Reached on error, E5 (Groundball, 56S) Francisco Guerra to second
|
Batting: RHB Guillermo Carrizales
|
0-0: Ball 1-0: Ball 2-0: Called Strike 2-1: Foul Ball, location: 2F 2-2: Foul Ball, location: 2F 2-2: Foul Ball, location: 2F 2-2: Fielders Choice at 2nd, 6-4 (Groundball, 6) Francisco Guerra to third
|
Batting: SHB Hong Wei Cao
|
0-0: Ball 1-0: Ball 2-0: Called Strike 2-1: Fly out, F9 (Flyball, 89D)
|
Top of the 10th over - 0 run(s), 1 hit(s), 1 error(s), 2 left on base; Provo 3 - Mancelona 3 |
BOTTOM OF THE 10TH |
Mancelona Torch batting - Pitching for Provo Mango : RHP Juan Sánchez
|
Batting: RHB Ratko Ralevic
|
0-0: Swinging Strike 0-1: Called Strike 0-2: Strikes out looking
|
Batting: LHB Yataro Matsuura
|
0-0: Ball 1-0: Foul Ball, location: 2F 1-1: Foul Ball, location: 2F 1-2: Fly out, F8 (Flyball, 89D)
|
Pinch Hitting: LHB Alberto Hernández
|
0-0: Foul Ball, location: 2F 0-1: Called Strike 0-2: Ball 1-2: Foul Ball, location: 2F 1-2: Ball 2-2: Ball 3-2: Foul Ball, location: 2F 3-2: Base on Balls
|
Batting: LHB Yoritoki Nishimura
|
0-0: Ball Alberto Hernández is caught stealing 2nd base
|
Bottom of the 10th over - 0 run(s), 0 hit(s), 0 error(s), 0 left on base; Provo 3 - Mancelona 3 |
TOP OF THE 11TH |
Provo Mango batting - Pitching for Mancelona Torch : RHP Juan Reyes
|
Now at 2B: Juan Hernández
|
|
Batting: LHB Andrés Garza
|
0-0: Ball 1-0: Ball 2-0: Ball 3-0: Base on Balls
|
Batting: RHB Jim Unknown
|
0-0: Ball Andrés Garza steals 2nd base 1-0: Intentional Walk
|
Batting: SHB Yun-qi Chien
|
0-0: Sac Bunt - play at first, batter OUT! 1-4 Andrés Garza to third Jim Unknown to second
|
Batting: RHB Michael Sweeney
|
0-0: Ball 1-0: Ball 2-0: Called Strike 2-1: Foul Ball, location: 2F 2-2: Foul Ball, location: 2F 2-2: Ball 3-2: Ground out 5-3 (Groundball, 56)
|
Batting: RHB Francisco Guerra
|
0-0: Ball 1-0: Swinging Strike 1-1: Foul Ball, location: 2F 1-2: Strikes out swinging
|
Top of the 11th over - 0 run(s), 0 hit(s), 0 error(s), 2 left on base; Provo 3 - Mancelona 3 |
BOTTOM OF THE 11TH |
Mancelona Torch batting - Pitching for Provo Mango : RHP Juan Sánchez
|
Pitching: LHP Igarashi Momoru
|
|
Batting: LHB Yoritoki Nishimura
|
0-0: Foul Ball, location: 2F 0-1: SINGLE (Line Drive, 56D)
|
Batting: RHB Bob Mager
|
0-0: Ball 1-0: Bunt missed! 1-1: Ball 2-1: Bunted foul 2-2: 2-RUN HOME RUN (Flyball, 78XD), Distance : 435 ft
|
Saturday, May 26th, 2018 - OOTP Baseball 17.12 Build 75
|
|